 Dungeon Crawl Stone Soup version 0.27.1-33-g824d729ab1 (webtiles) character file.

Game seed: 6562582346450823025

245 Descartes the Sneak (level 5, 0/24 HPs)
             Began as a Spriggan Wanderer on Dec 14, 2021.
             Slain by a bullfrog skeleton (2 damage)
             ... on level 4 of the Dungeon.
             The game lasted 00:16:07 (5310 turns).

Descartes the Sneak (Spriggan Wanderer)             Turns: 5310, Time: 00:16:07

Health: 0/24       AC:  2    Str:  8    XL:     5   Next: 83%
Magic:  12/12      EV: 18    Int: 15    God:
Gold:   157        SH:  0    Dex: 14    Spells: 10/12 levels left

rFire    . . .     SeeInvis +   a - +0 dagger
rCold    . . .     Faith    .   (shield restricted)
rNeg     + . .     Spirit   .   b - +0 robe
rPois    .         Reflect  .   (helmet restricted)
rElec    .         Harm     .   (no cloak)
rCorr    .         Rampage  .   (gloves unavailable)
Will     .....                  (boots unavailable)
Stlth    +++.......             (no amulet)
HPRegen  0.08/turn              k - ring of positive energy
MPRegen  0.13/turn              (no ring)

@: very quick
A: very small, no large weapons, unfitting armour, see invisible, speed 3
a: no special abilities


You were on level 4 of the Dungeon.
You visited 1 branch of the dungeon, and saw 4 of its levels.

You collected 157 gold pieces.

Inventory:

Hand Weapons
 a - a +0 dagger (weapon)
 i - a +0 hunting sling
 t - a +0 hand crossbow
Missiles
 f - 87 stones (quivered)
 p - 20 arrows
 s - 24 bolts
Armour
 b - a +0 robe (worn)
Jewellery
 k - a ring of positive energy (left hand)
Wands
 m - a wand of digging (7)
Scrolls
 c - 3 scrolls of teleportation {unknown}
 d - 5 scrolls of identify {unknown}
 g - a scroll of holy word {unknown}
 h - a scroll of silence {unknown}
 j - a scroll of blinking {unknown}
 n - 3 scrolls of enchant armour {unknown}
 o - a scroll of torment {unknown}
 r - a scroll of vulnerability {unknown}
Potions
 e - a potion of attraction {unknown}
 q - a potion of cancellation {unknown}
 u - a potion of might {unknown}
Miscellaneous
 l - a piece from Xom's chessboard (15/15)


   Skills:
 + Level 3.1 Short Blades
 + Level 3.7 Dodging
 + Level 5.5 Stealth
 - Level 4.0 Spellcasting
 - Level 2.6 Transmutations
 + Level 2.2 Ice Magic
 + Level 1.6 Air Magic


You had 10 spell levels left.
You knew the following spells:

 Your Spells              Type           Power      Damage    Failure   Level
a - Freeze                Ice            36%        1d6       8%          1
b - Shock                 Conj/Air       20%        1d4       13%         1

Your spell library contained the following spells:

 Spells                   Type           Power      Damage    Failure   Level
 Animate Skeleton         Necr           6%         N/A       19%         1
 Apportation              Tloc           6%         N/A       19%         1
 Corona                   Hex            3%         N/A       19%         1
 Summon Small Mammal      Summ           12%        N/A       19%         1
 Static Discharge         Conj/Air       5%         N/A       19%         2
 Ozocubu's Armour         Ice            9%         N/A       22%         3
 Swiftness                Air            8%         N/A       26%         3
 Ignite Poison            Fire/Tmut/Pois 5%         N/A       36%         3
 Mephitic Cloud           Conj/Pois/Air  4%         N/A       41%         3
 Airstrike                Air            4%         N/A       65%         4
 Bolt of Magma            Conj/Fire/Erth 1%         4d4       99%         5


Dungeon Overview and Level Annotations

Branches:
Dungeon (4/15)
 Temple: D:4-7

Altars:

Shops:
D:3 :

Annotations:
D:4 exclusion: door


Innate Abilities, Weirdness & Mutations

You are very small and have problems with some larger weapons.
You are too small for most types of armour.
You have supernaturally acute eyesight. (SInv)
You cover ground extremely quickly. (Speed+++)


Message History

The wyvern zombie is moderately damaged.
The wyvern zombie closely misses you. The wyvern zombie barely misses you.
You climb upwards.
There is a stone staircase leading down here.
HP restored.
Done exploring.
You climb downwards.
Level annotation: exclusion: door The wyvern zombie bites you.
The wyvern zombie closely misses you.
There is a stone staircase leading up here.
You hit the wyvern zombie but do no damage.
The wyvern zombie is moderately damaged.
The wyvern zombie closely misses you.
You hit the wyvern zombie but do no damage.
The wyvern zombie is moderately damaged.
The wyvern zombie bites you.
You barely miss the wyvern zombie.
The wyvern zombie is moderately damaged.
The wyvern zombie misses you. The wyvern zombie barely misses you.
You hit the wyvern zombie but do no damage.
The wyvern zombie is moderately damaged.
The wyvern zombie completely misses you.
You hit the wyvern zombie but do no damage.
The wyvern zombie is moderately damaged.
The wyvern zombie misses you.
You hit the wyvern zombie.
The wyvern zombie is moderately damaged.
The wyvern zombie barely misses you.
You hit the wyvern zombie but do no damage.
The wyvern zombie is moderately damaged.
The wyvern zombie misses you.
You hit the wyvern zombie but do no damage.
The wyvern zombie is moderately damaged.
The bullfrog skeleton barely misses you.
The wyvern zombie bites you!
Ouch! That really hurt!
* * * LOW HITPOINT WARNING * * *
The bullfrog skeleton hits you.
You die...

#.# #.# #.# ## #.# .#
#.##### .#
#.....###### .#
#....>.....# .+
#.....Z@Z..+ .#
#..........# .#
#..........# .#
#..........# .#
######..........#
.####...†...........#
g##......#..........#
.##.....##..........#
.#..†...##..........#


You could see a wyvern zombie and a bullfrog skeleton.

Vanquished Creatures
  Jessica (D:3)
  3 iguanas
  An orc wizard (D:3)
  A gnoll (D:3)
  2 adders (D:3)
  A worm (D:2)
  2 dart slugs
  2 orcs (D:2)
  7 endoplasms
  3 giant cockroaches
  10 goblins
  4 hobgoblins
  4 jackals (D:2)
  6 quokkas
  10 ball pythons
  5 bats
  6 frilled lizards
  7 kobolds
  9 rats
84 creatures vanquished.

Notes
Turn   | Place    | Note
-------+----------+-------------------------------------------
     0 | D:1      | Descartes the Spriggan Wanderer began the quest for the
                  | Orb.
     0 | D:1      | Descartes set off with the following items: a +0 dagger, a
                  | +0 robe; and the following spells available to memorise:
                  | Freeze, Shock, Static Discharge, Ozocubu's Armour,
                  | Swiftness, Airstrike
     0 | D:1      | Reached XP level 1. HP: 9/9 MP: 6/6
    18 | D:1      | Learned a level 1 spell: Freeze
   164 | D:1      | Reached skill level 1 in Dodging
   262 | D:1      | Reached skill level 1 in Short Blades
   262 | D:1      | Reached XP level 2. HP: 12/13 MP: 2/8
  1087 | D:1      | Reached XP level 3. HP: 13/16 MP: 7/9
  1508 | D:1      | Reached skill level 4 in Stealth
  2901 | D:2      | Reached XP level 4. HP: 21/21 MP: 6/11
  3095 | D:3      | Learned a level 1 spell: Shock
  3351 | D:3      | Reached skill level 5 in Stealth
  3420 | D:3      | Noticed Jessica
  3427 | D:3      | Killed Jessica
  3428 | D:3      | Reached XP level 5. HP: 24/24 MP: 12/12
  3460 | D:3      | Found Saczil's Book Boutique.
  4176 | D:3      | Found a faded altar of an unknown god.
  4875 | D:4      | Noticed a phantom
  4875 | D:4      | Noticed a necrophage
  5310 | D:4      | Slain by a bullfrog skeleton

Illustrated notes

Levels and vault maps discovered:
D:1:      tarquinn_simple_flora_water_e, layout_basic,
          chequers_serial_rivers_room_a
D:2:      layout_basic
D:3:      layout_loops_corners, serial_shops, nicolae_square_shop,
          shapermc_ecumenical_altar_mp_highgroup, grunt_ministairs_10,
          minmay_checkerbox, uniq_jessica
D:4:      minmay_opposing_rooms, layout_basic, uniq_eustachio

Skill      XL: |  1  2  3  4  5 |
---------------+----------------+-----
Dodging        | 1 2 3 |  3.7
Short Blades   | 1 2 3 |  3.1
Stealth        | 4 5 |  5.5
Ice Magic      | 2 |  2.2
Spellcasting   | |  4.0
Transmutations | |  2.6
Air Magic      | |  1.6

Action                   |  1- 3 |  4- 6 || total
-------------------------+-------+-------++-------
Melee: Dagger            |    37 |    44 ||    81
 Cast: Freeze            |    69 |    43 ||   112
       Shock             |       |    26 ||    26
 Stab: Sleeping          |    14 |    10 ||    24
       Distracted        |       |     1 ||     1
Armor: Robe              |     5 |     4 ||     9
Dodge: Dodged            |    66 |    87 ||   153
